 Dungeon Crawl Stone Soup version 0.22.1-1-ga44c0e5 (webtiles) character file.

744 dvd the Charmwright (level 7, -9/56 HPs)
             Began as a Gnoll Skald on Oct 21, 2018.
             Blown up by Ijyb (22 damage)
             ... with a wand of disintegration (9)
             ... on level 5 of the Dungeon.
             The game lasted 00:11:35 (4752 turns).

dvd the Charmwright (Gnoll Skald)                   Turns: 4752, Time: 00:11:35

Health: -9/56      AC:  5    Str: 18    XL:     7   Next: 76%
Magic:  15/15      EV: 14    Int: 15    God:
Gold:   239        SH:  0    Dex: 15    Spells: 9/17 levels left

rFire    . . .     SeeInvis .   v - +4 falchion (holy)
rCold    . . .     Gourm    .   (no shield)
rNeg     . . .     Faith    .   l - +0 ring mail
rPois    .         Spirit   .   (no helmet)
rElec    .         Reflect  .   (no cloak)
rCorr    .         Harm     .   (no gloves)
MR       .....                  (no boots)
Stlth    ++........             (no amulet)
HPRegen  0.18/turn              r - +3 ring of strength
MPRegen  0.14/turn              (no ring)

@: no status effects
A: distributed training, fangs 1, strong nose
a: no special abilities


You were on level 5 of the Dungeon.
You were not hungry.

You visited 1 branch of the dungeon, and saw 5 of its levels.

You collected 239 gold pieces.

Inventory:

Hand Weapons
 a - a +0 hand axe
 v - a +4 falchion of holy wrath (weapon)
Missiles
 u - 4 javelins (quivered)
Armour
 l - a +0 ring mail (worn)
 p - a +1 robe of positive energy
 w - a +0 scale mail
Jewellery
 r - a +3 ring of strength (left hand)
Scrolls
 b - a scroll of teleportation
 e - 3 scrolls of enchant weapon
 g - 12 scrolls of identify
 h - 3 scrolls of remove curse
Potions
 f - a potion of curing
 i - a potion of haste {unknown}
 k - a potion of agility
 m - 2 potions of ambrosia
Comestibles
 d - 5 rations
 n - 7 chunks of flesh


   Skills:
 + Level 5.3 Fighting
 + Level 2.6 Short Blades
 + Level 2.6 Long Blades
 + Level 5.3 Axes
 + Level 2.6 Maces & Flails
 + Level 2.6 Polearms
 + Level 2.6 Staves
 + Level 2.6 Slings
 + Level 2.6 Bows
 + Level 2.6 Crossbows
 + Level 2.6 Throwing
 + Level 3.7 Armour
 + Level 5.3 Dodging
 + Level 2.6 Stealth
 + Level 2.6 Shields
 + Level 2.6 Unarmed Combat
 + Level 5.7 Spellcasting
 + Level 2.1 Conjurations
 + Level 2.1 Hexes
 + Level 5.9 Charms
 + Level 2.1 Summonings
 + Level 2.1 Necromancy
 + Level 2.1 Translocations
 + Level 2.1 Transmutations
 + Level 2.1 Fire Magic
 + Level 2.1 Ice Magic
 + Level 2.1 Air Magic
 + Level 2.1 Earth Magic
 + Level 2.1 Poison Magic
 + Level 2.9 Invocations
 + Level 2.6 Evocations


You had 9 spell levels left.
You knew the following spells:

 Your Spells              Type           Power        Failure   Level  Hunger
a - Infusion              Chrm           ###.         2%          1    None
b - Song of Slaying       Chrm           ###.....     3%          2    #......
c - Shroud of Golubria    Chrm/Tloc      ###.......   8%          2    #......
d - Confuse               Hex            ##......     32%         3    ###....

Your spell library contained the following spells:

 Spells                   Type           Power        Failure   Level  Hunger
 Apportation              Tloc           ##....       11%         1    None
 Confusing Touch          Hex            ##....       11%         1    None
 Summon Butterflies       Summ           ##......     11%         1    None
 Regeneration             Chrm/Necr      ###.......   16%         3    ###....
 Spectral Weapon          Hex/Chrm       ###.....     16%         3    ###....
 Gell's Gravitas          Tloc           ##........   32%         3    ###....
 Lesser Beckoning         Tloc           ##........   32%         3    ###....
 Tukima's Dance           Hex            ##......     32%         3    ###....
 Petrify                  Tmut/Erth      ##......     71%         4    ####...
 Alistair's Intoxication  Tmut/Pois      ##......     96%         5    ######.
 Metabolic Englaciation   Hex/Ice        ##........   96%         5    ######.
 Yara's Violent Unravell  Hex/Tmut       ##........   96%         5    ######.
 Invisibility             Hex            ##......     100%        6    #######


Dungeon Overview and Level Annotations

Branches:
Dungeon (5/15)
 Temple: D:4-7

Altars:
Dithmenos

Shops:
D:4 }

Annotations:
D:5 Ijyb


Innate Abilities, Weirdness & Mutations

Your experience applies equally to all skills.
You have very sharp teeth.
Your uncanny sense of smell can sniff out nearby items.


Message History

a flail; a leather armour A leopard gecko zombie comes into view.
The leopard gecko zombie closely misses you.
You riposte.
You hit the leopard gecko zombie.
The leopard gecko zombie convulses.
The leopard gecko zombie is severely damaged.
You slash the leopard gecko zombie!
You destroy the leopard gecko zombie!
Found a stone staircase leading up.
Ijyb the Twisted Goblin comes into view.
She is wielding a dagger.
Ijyb shouts!
Ijyb zaps a wand.
You struggle to resist.
It is a wand of disintegration (12).
Ijyb zaps a wand.
You are blasted!
Ijyb screams, "I dance on your bones!"
Ijyb zaps a wand.
You are blasted!
You hear the brisk rusting of a very distant drain.
Ijyb zaps a wand.
You are blasted!
* * * LOW HITPOINT WARNING * * *
Ijyb zaps a wand.
You are blasted!
You die...

........## ##. .........#
### ∆ .......#.# #.. ..
#.....##.# #.# #. ######
#.# ##.# #. #.#####<.#
####.## #####....#>.##
#.....######..........##
#.....##@.g..######....##
#.....#..##### ####...
#.......## ###. #.....###
#. #.....# #. #.....# ##
#.....# #######


You could see Ijyb.

Vanquished Creatures
  2 ogres (D:4)
  A hound (D:5)
  2 orc priests (D:4)
  A centaur skeleton (D:4)
  An iguana (D:4)
  Terence (D:3)
  2 orc wizards (D:4)
  8 worker ants
  7 adders
  An ooze (D:2)
  An adder skeleton (D:5)
  2 worms (D:4)
  3 dart slugs
  2 leopard geckos (D:3)
  9 orcs
  3 giant cockroaches
  8 goblins
  8 hobgoblins
  2 jackals (D:2)
  9 kobolds
  A quokka (D:3)
  2 ball pythons
  8 bats
  A frilled lizard (D:4)
  A leopard gecko skeleton (D:4)
  A leopard gecko zombie (D:5)
  4 rats
91 creatures vanquished.

Notes
Turn   | Place    | Note
-------+----------+-------------------------------------------
     0 | D:1      | dvd the Gnoll Skald began the quest for the Orb.
     0 | D:1      | Reached XP level 1. HP: 20/20 MP: 6/6
   176 | D:1      | Reached XP level 2. HP: 26/26 MP: 7/7
   676 | D:1      | Learned a level 2 spell: Song of Slaying
   679 | D:1      | Learned a level 2 spell: Shroud of Golubria
   809 | D:1      | Reached XP level 3. HP: 31/31 MP: 9/9
  1058 | D:2      | Reached skill level 5 in Spellcasting
  1392 | D:2      | Reached skill level 1 in Invocations
  1874 | D:2      | Reached skill level 1 in Short Blades
  1874 | D:2      | Reached skill level 1 in Long Blades
  1874 | D:2      | Reached skill level 1 in Maces & Flails
  1874 | D:2      | Reached skill level 1 in Polearms
  1874 | D:2      | Reached skill level 1 in Staves
  1874 | D:2      | Reached skill level 1 in Slings
  1874 | D:2      | Reached skill level 1 in Bows
  1874 | D:2      | Reached skill level 1 in Crossbows
  1874 | D:2      | Reached skill level 1 in Throwing
  1874 | D:2      | Reached skill level 1 in Stealth
  1874 | D:2      | Reached skill level 1 in Shields
  1874 | D:2      | Reached skill level 1 in Unarmed Combat
  1874 | D:2      | Reached skill level 1 in Evocations
  1903 | D:2      | Found a shadowy altar of Dithmenos.
  1971 | D:3      | Reached XP level 4. HP: 33/38 MP: 11/11
  2415 | D:3      | Noticed Terence
  2439 | D:3      | Killed Terence
  2439 | D:3      | Reached skill level 1 in Conjurations
  2439 | D:3      | Reached skill level 1 in Hexes
  2439 | D:3      | Reached skill level 1 in Summonings
  2439 | D:3      | Reached skill level 1 in Necromancy
  2439 | D:3      | Reached skill level 1 in Translocations
  2439 | D:3      | Reached skill level 1 in Transmutations
  2439 | D:3      | Reached skill level 1 in Fire Magic
  2439 | D:3      | Reached skill level 1 in Ice Magic
  2439 | D:3      | Reached skill level 1 in Air Magic
  2439 | D:3      | Reached skill level 1 in Earth Magic
  2439 | D:3      | Reached skill level 1 in Poison Magic
  2868 | D:3      | Learned a level 3 spell: Confuse
  2882 | D:3      | Reached XP level 5. HP: 43/43 MP: 9/12
  3217 | D:4      | Reached XP level 6. HP: 13/50 MP: 9/13
  3566 | D:4      | Reached skill level 5 in Fighting
  3566 | D:4      | Reached skill level 5 in Axes
  3566 | D:4      | Reached skill level 5 in Dodging
  3920 | D:4      | Found Yralysseotu's Gadget Emporium.
  3928 | D:4      | Reached XP level 7. HP: 47/56 MP: 15/15
  4349 | D:5      | Entered Level 5 of the Dungeon
  4728 | D:5      | Noticed Ijyb
  4752 | D:5      | Blown up by Ijyb

Skill      XL: |  1  2  3  4  5  6  7 |
---------------+----------------------+-----
Spellcasting   | 5 |  5.7
Invocations    | 1 2 |  2.9
Short Blades   | 1 2 |  2.6
Long Blades    | 1 2 |  2.6
Maces & Flails | 1 2 |  2.6
Polearms       | 1 2 |  2.6
Staves         | 1 2 |  2.6
Slings         | 1 2 |  2.6
Bows           | 1 2 |  2.6
Crossbows      | 1 2 |  2.6
Throwing       | 1 2 |  2.6
Stealth        | 1 2 |  2.6
Shields        | 1 2 |  2.6
Unarmed Combat | 1 2 |  2.6
Evocations     | 1 2 |  2.6
Conjurations   | 1 2 |  2.1
Hexes          | 1 2 |  2.1
Summonings     | 1 2 |  2.1
Necromancy     | 1 2 |  2.1
Translocations | 1 2 |  2.1
Transmutations | 1 2 |  2.1
Fire Magic     | 1 2 |  2.1
Ice Magic      | 1 2 |  2.1
Air Magic      | 1 2 |  2.1
Earth Magic    | 1 2 |  2.1
Poison Magic   | 1 2 |  2.1
Armour         | 3 |  3.7
Fighting       | 5 |  5.3
Axes           | 5 |  5.3
Dodging        | 5 |  5.3
Charms         | |  5.9

Action                   |  1- 3 |  4- 6 |  7- 9 || total
-------------------------+-------+-------+-------++-------
Melee: Hand axe          |   109 |   113 |    22 ||   244
       Bite              |     7 |    21 |    16 ||    44
       Falchion          |       |    19 |    68 ||    87
       Punch             |       |     1 |     1 ||     2
Throw: Javelin           |       |     4 |     6 ||    10
 Cast: Infusion          |     1 |     1 |       ||     2
       Shroud of Golubri |     4 |     8 |     2 ||    14
       Song of Slaying   |       |     6 |       ||     6
  Use: Potion            |       |    11 |       ||    11
       Scroll            |       |       |     7 ||     7
 Stab: Sleeping          |     6 |     1 |       ||     7
  Eat: Chunk             |     3 |     7 |     3 ||    13
Armor: Leather armour    |    14 |       |       ||    14
       Robe              |     7 |    20 |       ||    27
       Ring mail         |       |    13 |    20 ||    33
Dodge: Dodged            |    88 |   131 |    76 ||   295
       Rpst.: Falchion   |       |     3 |    12 ||    15
